 Dungeon Crawl Stone Soup version 0.17-a0-2055-gb4e23be (webtiles) character file.

332 Shim the Cutter (level 6, -19/41 HPs)
             Began as a High Elf Gladiator on Oct 11, 2015.
             Demolished by an ogre
             ... wielding a +0 giant club
              (26 damage)
             ... on level 4 of the Dungeon.
             The game lasted 00:21:48 (4246 turns).

Shim the Cutter (High Elf Gladiator)                Turns: 4246, Time: 00:21:48

Health: -19/41     AC:  4    Str: 19    XL:     6   Next: 26%
Magic:  7/7        EV: 14    Int: 12    God:
Gold:   153        SH:  0    Dex: 18    Spells: 0 memorised, 5 levels left

rFire  . . .     SeeInvis .     z - +0 blowgun
rCold  . . .     Clarity  .     b - +0 leather armour
rNeg   . . .     SustAt   .     (no shield)
rPois  .         Gourm    .     c - +0 helmet
rElec  .         Spirit   .     (no cloak)
rCorr  .         Warding  .     (no gloves)
rMut   .         Stasis   .     (no boots)
MR     .....                    (no amulet)
Stlth  +++.......               w - +3 ring of slaying
                                g - +5 ring of strength

@: lethally poisoned (-19 -> -23), not resistant to hostile enchantments, fairly
stealthy
A: no striking features
a: no special abilities


You were on level 4 of the Dungeon.
You were not hungry.

You visited 1 branch of the dungeon, and saw 4 of its levels.

You collected 153 gold pieces.

Inventory:

Hand Weapons
 a - a +0 rapier
 f - a +2 dagger of venom
 r - a cursed -1 hand axe
 z - a +0 blowgun (weapon)
Missiles
 d - 3 throwing nets
 j - 64 stones
 u - 39 arrows
 y - 2 arrows of flame
 A - 3 curare-tipped needles
 B - 4 poisoned needles (quivered)
Armour
 b - a +0 leather armour (worn)
 c - a +0 helmet (worn)
Jewellery
 g - a +5 ring of strength (left hand)
 w - a +3 ring of slaying (right hand)
 C - the amulet of Kodd {rCorr *Contam +Inv SInv, unknown}
   (You found it on level 4 of the Dungeon)

   [amulet of resist corrosion]

   It protects you from acid and corrosion.
   It lets you see invisible.
   It lets you turn invisible.
   It causes magical contamination when unequipped.
Scrolls
 i - a scroll of magic mapping {unknown}
 k - 2 scrolls of identify
 l - 2 scrolls of remove curse {unknown}
 n - a scroll of enchant armour {unknown}
 p - a scroll of teleportation
 q - 2 scrolls of amnesia {unknown}
 v - a scroll of random uselessness {unknown}
 x - a scroll of recharging {unknown}
Potions
 h - a potion of agility {unknown}
 m - a potion of brilliance {unknown}
 s - a potion of invisibility {unknown}
 t - a potion of curing {unknown}
Comestibles
 e - 4 bread rations
 D - a meat ration


   Skills:
 + Level 2.6 Fighting
 + Level 4.8 Short Blades
 + Level 3.0 Throwing
 + Level 1.8 Armour
 + Level 4.3 Dodging
 * Level 3.9 Stealth


You had 5 spell levels left.
You didn't know any spells.

Dungeon Overview and Level Annotations

Branches:
Dungeon (4/15)
 Temple: D:4-7

Altars:
Elyvilon

Shops:
D:4 %


Message History

The ogre hits you with a giant club!!
Ouch! That really hurt!
* * * LOW HITPOINT WARNING * * *
You hear a bark!
Drink which item? (? for menu, Esc to quit)
Okay, then.
Read which item? (? for menu, Esc to quit)
As you read the scroll of teleportation, it crumbles to dust.
You feel strangely unstable. The adder barely misses you.
The ogre barely misses you. The adder bites you.
* * * LOW HITPOINT WARNING * * *
You are poisoned.
The adder poisons you!
Drink which item? (? for menu, Esc to quit)
It was a potion of cancellation.
You feel strangely stable.
You feel magically purged.
You feel sick. The adder barely misses you. The jackal closely misses you.
The ogre hits you with a giant club!!
Ouch! That really hurt!
You die...

............##.. #
....<...#########.#
.......## ##..#.#
.......# #.....#
.......# #.....#
.......######.....#
....(.............#
.......######.....#
######## #.....@.#
#######.#.[OSh#
##.....%.).....#
...#..............##
...................#
................h..##
....................#
....(................#
......................#


You could see an ogre, an adder and 2 jackals.

Vanquished Creatures
  An ogre (D:4)
  A scorpion (D:4)
  An orc priest (D:3)
  A worker ant (D:4)
  4 adders
  3 gnolls (D:3)
  An ooze (D:2)
  2 worms
  2 giant geckos
  8 orcs
  3 ball pythons
  6 bats
  10 hobgoblins
  4 jackals (D:3)
  5 giant cockroaches
  A giant gecko skeleton (D:3)
  3 giant newts
  5 goblins
  12 kobolds
  7 rats
80 creatures vanquished.

Notes
Turn   | Place    | Note
--------------------------------------------------------------
     0 | D:1      | Shim the High Elf Gladiator began the quest for the Orb.
     0 | D:1      | Reached XP level 1. HP: 14/14 MP: 2/2
   475 | D:1      | Reached XP level 2. HP: 19/19 MP: 3/3
   602 | D:1      | Reached skill level 1 in Stealth
   850 | D:1      | Reached skill level 4 in Short Blades
  1155 | D:2      | Reached XP level 3. HP: 18/24 MP: 4/4
  2196 | D:3      | Reached XP level 4. HP: 30/30 MP: 5/5
  2425 | D:3      | Reached skill level 1 in Armour
  2480 | D:3      | Found a white marble altar of Elyvilon.
  3420 | D:3      | Reached XP level 5. HP: 35/35 MP: 6/6
  4176 | D:4      | Got a brightly glowing silver amulet
  4193 | D:4      | Noticed an ogre
  4198 | D:4      | Found Emuo's Food Shop.
  4207 | D:4      | Noticed an ogre
  4216 | D:4      | Killed an ogre
  4216 | D:4      | Reached XP level 6. HP: 41/41 MP: 7/7
  4246 | D:4      | Demolished by an ogre

Vault maps used:
D:1:      lightli_arrival_windingriver
D:2:      first_bread, st_stairs_8
D:3:      elyvilon_altar_5
D:4:      lemuel_round_altar, serial_shops, shop,
          lightli_ossuary_entry_decrepit_ruins, guppyfry_early_orc_mine

Action                   |  1- 3 |  4- 6 || total
-------------------------+-------+-------++-------
Melee: Rapier            |   134 |    38 ||   172
       Dagger            |       |    49 ||    49
 Fire: Blowgun           |       |     9 ||     9
Throw: Stone             |    57 |    56 ||   113
  Use: Scroll            |       |     3 ||     3
       Potion            |       |     3 ||     3
 Stab: Sleeping          |     4 |     3 ||     7
  Eat: Chunk             |     4 |     6 ||    10
